 Dungeon Crawl Stone Soup version 0.25-a0-566-g062765be81 (webtiles) character file.

Game seed: 13696956641791488294, levelgen mode: deterministic

79 kae the Sneak (level 4, -4/24 HPs)
             Began as a Kobold Enchanter on Feb 27, 2020.
             Slain by a gnoll
             ... wielding a +3 vorpal spear
              (8 damage)
             ... on level 2 of the Dungeon.
             The game lasted 00:02:19 (2441 turns).

kae the Sneak (Kobold Enchanter)                    Turns: 2441, Time: 00:02:19

Health: -4/24      AC:  9    Str:  5    XL:     4   Next: 64%
Magic:  0/8        EV: 15    Int: 17    God:
Gold:   74         SH:  0    Dex: 15    Spells: 5/8 levels left

rFire    . . .     SeeInvis .   e - +2 dagger (protect)
rCold    . . .     Gourm    .   (shield restricted)
rNeg     . . .     Faith    .   b - +0 robe
rPois    .         Spirit   .   (no helmet)
rElec    .         Reflect  .   (no cloak)
rCorr    .         Harm     .   (no gloves)
MR       .....                  (no boots)
Stlth    +++.......             (no amulet)
HPRegen  0.08/turn              (no ring)
MPRegen  0.11/turn              (no ring)

@: protection aura, flying, very slightly contaminated
A: small, carnivore
a: no special abilities


You were on level 2 of the Dungeon.
You were very full.

You visited 1 branch of the dungeon, and saw 2 of its levels.

You collected 74 gold pieces.

Inventory:

Hand Weapons
 a - a +1 dagger
 e - a +2 dagger of protection (weapon)
Armour
 b - a +0 robe (worn)
Jewellery
 c - an uncursed ring of magical power {unknown}
 g - an uncursed ring of ice {unknown}
 l - a +2 ring of intelligence {unknown}
Scrolls
 i - a scroll of remove curse {unknown}
 j - a scroll of identify {unknown}
 k - 3 scrolls of teleportation {unknown}
Potions
 h - a potion of magic {unknown}
 m - a potion of stabbing {unknown}
Comestibles
 d - 7 rations


   Skills:
 * Level 3.5 Short Blades
 - Level 2.4 Dodging
 + Level 4.8 Stealth
 + Level 2.8 Spellcasting
 + Level 3.4 Hexes


You had 5 spell levels left.
You knew the following spells:

 Your Spells              Type           Power        Failure   Level  Hunger
a - Corona                Hex            ##.....      4%          1    #......
b - Ensorcelled Hibernat  Hex/Ice        #.....       13%         2    ##.....

Your spell library contained the following spells:

 Spells                   Type           Power        Failure   Level  Hunger
 Confusing Touch          Hex            ##......     13%         3    ###....
 Tukima's Dance           Hex            ##......     13%         3    ###....
 Dazzling Flash           Conj/Hex       #.....       26%         3    ###....


Dungeon Overview and Level Annotations

Branches:
Dungeon (2/15)

Altars:


Innate Abilities, Weirdness & Mutations

You are small and have problems with some larger weapons.
You are carnivorous and can eat meat at any time.


Message History

Casting: Ensorcelled Hibernation (safe; 13% risk of failure)
Confirm with . or Enter, or press ? or * to list all spells.
Aiming: Ensorcelled Hibernation (safe; 13% risk of failure)
Press: ? - help, Shift-Dir - straight line, f - gnoll
Aim: a gnoll, wielding a +3 vorpal spear (chance to defeat MR: 49%)
You miscast Ensorcelled Hibernation.
Nothing appears to happen.
The gnoll hits you with a +3 vorpal spear!
* * * LOW HITPOINT WARNING * * *
x2 You hit the gnoll.
The gnoll is lightly wounded.
The gnoll hits you with a +3 vorpal spear.
* * * LOW HITPOINT WARNING * * *
x2
Casting: Ensorcelled Hibernation (safe; 13% risk of failure)
Confirm with . or Enter, or press ? or * to list all spells.
You don't have enough magic to cast that spell.
It was a potion of flight.
You feel very buoyant.
You fly up into the air.
The gnoll hits you with a +3 vorpal spear!
You die...

#..#####
#.........#...##)....
#....
##g######.......#...'#
#..#. ##..#
#...........#. #..S.
###..## #.........#.#.
#. .#..#...##
#........##.#. .
..........###
#........##.#. #.
.#....###...#
.....)..##.#. ..#.#
###.####.........##.##
. #.
#gg@...............# .
####)....>.....###..
##.####......###. .#
##......###.
.....<......##.
#####.....#.##)
........#.##.
.##.....#.##.
#######....


You could see a gnoll and a hobgoblin.

Vanquished Creatures
  A gnoll (D:2)
  An adder (D:2)
  A worm (D:2)
  A dart slug (D:1)
  A leopard gecko (D:2)
  A ball python (D:2)
  5 bats
  A giant cockroach (D:1)
  4 goblins
  7 hobgoblins
  8 jackals
  7 kobolds
  2 quokkas
  5 frilled lizards
  5 rats
50 creatures vanquished.

Notes
Turn   | Place    | Note
-------+----------+-------------------------------------------
     0 | D:1      | kae the Kobold Enchanter began the quest for the Orb.
     0 | D:1      | Reached XP level 1. HP: 10/10 MP: 3/3
   384 | D:1      | Reached XP level 2. HP: 15/15 MP: 5/5
   388 | D:1      | Learned a level 2 spell: Ensorcelled Hibernation
  1030 | D:1      | Reached XP level 3. HP: 10/19 MP: 3/6
  1984 | D:1      | Reached XP level 4. HP: 12/24 MP: 5/7
  2441 | D:2      | Slain by a gnoll

Levels and vault maps discovered:
D:1:      onia_arrival_mini_maze_b, layout_loops_corners, minmay_split_cup_small
D:2:      layout_rooms, first_ration, minmay_3d_cube

Skill      XL: |  1  2  3 |
---------------+----------+-----
Short Blades   | 2 3 |  3.5
Dodging        | |  2.4
Stealth        | |  4.8
Spellcasting   | |  2.8
Hexes          | |  3.4

Action                   |  1- 3 |  4- 6 || total
-------------------------+-------+-------++-------
Melee: Dagger            |   157 |    42 ||   199
 Cast: Corona            |     1 |       ||     1
       Ensorcelled Hiber |     9 |     7 ||    16
  Use: Potion            |       |     1 ||     1
 Stab: Sleeping          |    15 |     4 ||    19
  Eat: Chunk             |    12 |     2 ||    14
Armor: Robe              |    33 |    15 ||    48
Dodge: Dodged            |   124 |    73 ||   197

Table legend:
 A = Non-vault XP
 B = Vault XP
 C = Vault XP percentage of total XP
 D = Non-vault monster count
 E = Vault monster count
 F = Vault count percentage of total count
                 A         B        C        D         E       F
            +---------+---------+-------+---------+---------+-------
      Total |     100 |      14 |  12.3 |      44 |       6 |  12.0
            +---------+---------+-------+---------+---------+-------
        D:1 |      52 |       5 |   8.8 |      30 |       3 |   9.1
        D:2 |      48 |       9 |  15.8 |      14 |       3 |  17.6
            +---------+---------+-------+---------+---------+-------
